 Dungeon Crawl Stone Soup version 0.31-a0-844-gdc52ec4e09 (webtiles) character file.

Game seed: 7538625700622165241

3053 wildpjah the Blocker (level 9, -3/72 (74) HPs)
             Began as a Gnoll Fighter on Sept 28, 2023.
             Was a Priest of Okawaru.
             Slain by a steam dragon (7 damage)
             ... on level 8 of the Dungeon.
             The game lasted 00:16:58 (6814 turns).

wildpjah the Blocker (Gnoll Fighter)                Turns: 6814, Time: 00:16:58

HP:   -3/72 (74)    AC: 13    Str: 20    XL:     9   Next: 87%
MP:   16/16         EV: 12    Int:  8    God:    Okawaru [***...]
Gold: 449           SH:  0    Dex: 11    Spells: 17/17 levels left

rFire   . . .        J - +7 great mace "Undeadhunter" {deathbane, rN+}
rCold   . . .        (shield currently unavailable)
rNeg    + . .        n - +2 ring mail of the Kodama {Will+}
rPois   .            h - +0 helmet
rElec   .            (no cloak)
rCorr   +            s - +2 pair of gloves
SInv    .            (no boots)
Will    +....        g - amulet of magic regeneration
Stlth   ++           t - ring of resist corrosion
HPRegen 0.32/turn    (no ring)
MPRegen 0.55/turn

%: no passive effects
@: lightly drained
A: fangs 1, strong nose, distributed training
a: Renounce Religion, Heroism


You were on level 8 of the Dungeon.
You worshipped Okawaru.
Okawaru was most pleased with you.
You visited 2 branches of the dungeon, and saw 9 of its levels.

You collected 449 gold pieces.

Inventory:

Hand Weapons
 a - a +0 war axe
 p - a +1 hand axe of electrocution
 v - a +2 hand axe of venom
 B - a +2 flail of holy wrath
 G - a +0 longbow
 I - a +1 glaive of venom
 J - the +7 great mace "Undeadhunter" (weapon) {deathbane, rN+}
   (You found it on level 3 of the Dungeon)

   rN+:       It protects you from negative energy.
Missiles
 d - 6 boomerangs
Armour
 b - a +0 scale mail
 c - a +0 buckler
 h - a +0 helmet (worn)
 n - the +2 ring mail of the Kodama (worn) {Will+}
   (You found it on level 7 of the Dungeon)

   Will+:     It increases your willpower.
 r - +0 acid dragon scales
 s - a +2 pair of gloves (worn)
Magical Staves
 w - a staff of fire
Jewellery
 e - a ring of fire
 g - an amulet of magic regeneration (around neck)
 j - a ring of protection from cold
 t - a ring of resist corrosion (left hand)
 z - a ring of poison resistance
 D - a ring of protection from cold
Wands
 y - a wand of flame (10) (quivered)
Scrolls
 i - 6 scrolls of identify
 k - a scroll of vulnerability
 m - 4 scrolls of teleportation
 q - 2 scrolls of enchant weapon
 A - a scroll of noise
 C - a scroll of fog
Potions
 f - 4 potions of curing {unknown}
 l - a potion of invisibility {unknown}
 o - 2 potions of cancellation {unknown}
 u - 2 potions of brilliance {unknown}
 x - a potion of heal wounds {unknown}
 E - 2 potions of degeneration {unknown}
 F - a potion of attraction {unknown}
 H - a potion of enlightenment {unknown}


   Skills:
 + Level 8.2 Fighting
 + Level 4.7 Short Blades
 + Level 4.7 Long Blades
 + Level 6.7 Axes
 + Level 4.7 Maces & Flails
 + Level 4.7 Polearms
 + Level 4.7 Staves
 + Level 4.7 Ranged Weapons
 + Level 4.7 Throwing
 + Level 8.2 Armour
 + Level 4.7 Dodging
 + Level 4.7 Stealth
 + Level 8.2 Shields
 + Level 4.7 Unarmed Combat
 + Level 4.7 Spellcasting
 + Level 3.9 Conjurations
 + Level 3.9 Hexes
 + Level 3.9 Summonings
 + Level 3.9 Necromancy
 + Level 3.9 Translocations
 + Level 3.9 Transmutations
 + Level 3.9 Fire Magic
 + Level 3.9 Ice Magic
 + Level 3.9 Air Magic
 + Level 3.9 Earth Magic
 + Level 3.9 Poison Magic
 + Level 5.2 Invocations
 + Level 4.7 Evocations
 + Level 4.3 Shapeshifting


You had 17 spell levels left.
You didn't know any spells.
Your spell library contained the following spells:

 Spells                   Type           Power      Damage    Failure   Level
 Conjure Ball Lightning   Conj/Air       4%         3x3d6     100%        6
 Discord                  Hex            4%         N/A       100%        8
 Disjunction              Tloc           4%         N/A       100%        8


Dungeon Overview and Level Annotations

Branches:
Dungeon (8/15)             Temple (1/1) D:5
   Lair: D:8-11

Altars:
Ashenzari
Cheibriados
Elyvilon
Fedhas
Hepliaklqana
Makhleb
Nemelex Xobeh
Okawaru
Qazlal
Ru
Sif Muna
Trog
Vehumet
Xom
Yredelemnul
Zin

Shops:
D:2 ::*[

Annotations:
D:6 2 transporters
D:7 1 runed translucent door, exclusion: 4 orange crystal statues


Innate Abilities, Weirdness & Mutations

You have very sharp teeth.
Your uncanny sense of smell can sniff out nearby items.
Your experience applies equally to all skills.


Message History

Deactivating autopickup; reactivate with Ctrl-A.
Something hits you. Something shocks you.
You hear a shout! x3
Your unstable footing causes you to fumble your attack.
You are engulfed in a cloud of scalding steam.
The steam dragon misses you. The steam dragon claws you.
Something hits you but does no damage.
Your unstable footing causes you to fumble your attack.
You are engulfed in a cloud of scalding steam.
The steam dragon barely misses you.
The steam dragon claws you but does no damage.
Something hits you. Something shocks you.
You sock the wight!
The wight is almost destroyed.
You are engulfed in a cloud of scalding steam.
The wight closely misses you.
A sky beast appears from thin air!
Reactivating autopickup.
The sky beast barely misses you.
The steam dragon bites you but does no damage.
The steam dragon closely misses you. The steam dragon breathes steam at you.
The ball of steam hits you!
The sky beast flickers out of sight!
Deactivating autopickup; reactivate with Ctrl-A.
Something hits you but does no damage.
The wight hits you with a +0 great sword!
* * * LOW HITPOINT WARNING * * *
You partially resist.
You feel drained.
* * * LOW HITPOINT WARNING * * *
You hear a shout!
The steam dragon bites you.
* * * LOW HITPOINT WARNING * * *
The steam dragon claws you but does no damage.
The steam dragon bites you but does no damage.
The steam dragon barely misses you.
You closely miss the steam dragon. The steam dragon closely misses you.
The steam dragon claws you but does no damage.
You sock the steam dragon!
The steam dragon is heavily wounded.
Something hits you but does no damage. The steam dragon bites you!
You die...

................#............
................##...........
..............#.....#........
..............###...#........
...........§...###..#.....>.
................#........
.......§.#.....##......
.....~~{$##....... ....~..z@#
.....## ~~..~.~D~~##......
..~..~..~~~#....##
.$~⌠.~...~~##....
~.⌠~..~..~~# ....
~..~..~..~~# .~..~~...~##
.~.......##


You could see a steam dragon and a wight.

Vanquished Creatures
  A two-headed ogre (D:7)
  A kobold demonologist (D:8)
  Maggie (D:7)
  Menkaure (D:7)
  An ice beast (D:7)
  A black bear (D:6)
  A sky beast (D:6)
  An ogre (D:5)
  3 phantoms (D:5)
  A bullfrog (D:8)
  A gnoll sergeant (D:5)
  2 scorpions
  A jelly (D:7)
  6 orc priests
  8 hounds
  3 iguanas
  Ijyb (D:4)
  A sleepcap (D:6)
  3 orc wizards
  8 gnolls
  9 adders
  A shadow imp (D:8)
  2 white imps
  An ufetubus (D:6)
  A worm (D:4)
  3 dart slugs
  29 orcs
  8 endoplasms
  5 giant cockroaches
  13 goblins
  13 hobgoblins
  6 jackals
  15 kobolds
  4 quokkas
  9 ball pythons
  5 bats
  5 frilled lizards
  12 rats
187 creatures vanquished.

Notes
Turn   | Place    | Note
-------+----------+-------------------------------------------
     0 | D:1      | wildpjah the Gnoll Fighter began the quest for the Orb.
     0 | D:1      | Reached XP level 1. HP: 23/23 MP: 1/1
    29 | D:1      | Reached XP level 2. HP: 21/29 MP: 2/2
   179 | D:1      | Reached XP level 3. HP: 35/35 MP: 3/3
   377 | D:1      | Reached skill level 1 in Invocations
   617 | D:2      | Reached skill level 1 in Short Blades
   617 | D:2      | Reached skill level 1 in Long Blades
   617 | D:2      | Reached skill level 1 in Maces & Flails
   617 | D:2      | Reached skill level 1 in Polearms
   617 | D:2      | Reached skill level 1 in Staves
   617 | D:2      | Reached skill level 1 in Ranged Weapons
   617 | D:2      | Reached skill level 1 in Throwing
   617 | D:2      | Reached skill level 1 in Dodging
   617 | D:2      | Reached skill level 1 in Stealth
   617 | D:2      | Reached skill level 1 in Unarmed Combat
   617 | D:2      | Reached skill level 1 in Spellcasting
   617 | D:2      | Reached skill level 1 in Evocations
   697 | D:2      | Found Xoal's Book Shoppe.
   711 | D:2      | Found Qaed Giff's Book Boutique.
   722 | D:2      | Reached skill level 1 in Shapeshifting
   722 | D:2      | Reached XP level 4. HP: 39/41 MP: 5/5
   825 | D:2      | Reached skill level 1 in Conjurations
   825 | D:2      | Reached skill level 1 in Hexes
   825 | D:2      | Reached skill level 1 in Summonings
   825 | D:2      | Reached skill level 1 in Necromancy
   825 | D:2      | Reached skill level 1 in Translocations
   825 | D:2      | Reached skill level 1 in Transmutations
   825 | D:2      | Reached skill level 1 in Fire Magic
   825 | D:2      | Reached skill level 1 in Ice Magic
   825 | D:2      | Reached skill level 1 in Air Magic
   825 | D:2      | Reached skill level 1 in Earth Magic
   825 | D:2      | Reached skill level 1 in Poison Magic
   826 | D:2      | Found Jinam's General Store.
  1045 | D:2      | Found Dateduo's Armour Boutique.
  1147 | D:3      | Reached XP level 5. HP: 44/47 MP: 6/6
  1540 | D:3      | Found the +7 great mace "Undeadhunter" {deathbane, rN+}
  1776 | D:4      | Noticed Ijyb
  1788 | D:4      | Killed Ijyb
  1960 | D:4      | Found an iron altar of Okawaru.
  2044 | D:4      | Became a worshipper of Warmaster Okawaru
  2046 | D:4      | Reached XP level 6. HP: 53/53 MP: 8/8
  2401 | D:4      | Found a hazy altar of Hepliaklqana.
  2439 | D:5      | Entered Level 5 of the Dungeon
  2500 | D:5      | Reached skill level 5 in Axes
  2561 | D:5      | Found a blossoming altar of Fedhas.
  2597 | D:5      | Reached * piety under Okawaru
  2670 | D:5      | Reached XP level 7. HP: 46/59 MP: 10/10
  2872 | D:5      | Found a staircase to the Ecumenical Temple.
  2886 | D:5      | Reached ** piety under Okawaru
  3142 | D:5      | Found a snail-covered altar of Cheibriados.
  3421 | D:6      | Found a broken altar of Ashenzari.
  3461 | D:6      | Reached XP level 8. HP: 67/67 MP: 12/12
  3819 | D:6      | Found a shimmering altar of Xom.
  3819 | D:6      | Found a transporter.
  3819 | D:6      | Noticed a yak
  3826 | D:6      | Noticed a two-headed ogre
  3826 | D:6      | Noticed a kobold demonologist
  3828 | D:6      | Found a transporter.
  4397 | D:6      | Found a bloodstained altar of Trog.
  4457 | D:6      | Found a large runed translucent door.
  4458 | D:6      | Found a large runed translucent door.
  4480 | D:6      | Found a basalt altar of Yredelemnul.
  4487 | D:6      | Found a shimmering blue altar of Sif Muna.
  4814 | D:7      | Found a runed translucent door.
  4818 | D:7      | Found the +10 tower shield of Ignorance {rN+ Int-4}
  4825 | D:7      | Noticed an orange crystal statue
  4825 | D:7      | Noticed an orange crystal statue
  4825 | D:7      | Noticed an orange crystal statue
  4825 | D:7      | Noticed an orange crystal statue
  4896 | D:7      | Reached *** piety under Okawaru
  5005 | D:7      | Identified the +2 ring mail of the Kodama {Will+}
  5027 | D:7      | Found a runed translucent door.
  5040 | D:7      | Noticed Menkaure
  5049 | D:7      | Killed Menkaure
  5050 | D:7      | Reached XP level 9. HP: 29/73 MP: 14/14
  5374 | D:7      | Found a sacrificial altar of Ru.
  5414 | D:7      | Noticed Maggie
  5428 | D:7      | Killed Maggie
  6055 | D:8      | Noticed a kobold demonologist
  6066 | D:8      | Killed a kobold demonologist
  6284 | Temple   | Entered the Ecumenical Temple
  6399 | D:7      | Noticed a two-headed ogre
  6422 | D:7      | Killed a two-headed ogre
  6423 | D:7      | Reached skill level 5 in Invocations
  6812 | D:8      | HP: 3/72 [steam dragon (3)]
  6814 | D:8      | Slain by a steam dragon

Illustrated notes

Levels and vault maps discovered:
D:1:      dpeg_arrival_ratfight, layout_rooms, minmay_unequal
D:2:      layout_rooms, serial_shops, nicolae_shop_pleasant_corner_grove,
          nicolae_shop_stone, shop, shop
D:3:      layout_basic, roderic_roman_lattice
D:4:      minmay_chambers_of_twos, layout_rooms, nzn_hepliaklqana_mist_gate,
          mainiacjoe_overflow_paths, uniq_ijyb
D:5:      layout_loops_cross, fedhas_altar_3, kennysheep_slug_shrine,
          minmay_temple_entry_large_hall
D:6:      corexii_shantytown, layout_basic, lightli_temple_of_fire,
          cheibrodos_ashenzari_chains, jmf_multi_god_temple2,
          gammafunk_temple_overflow_arena
D:7:      layout_loops_ring, kennysheep_mini, enter_bailey_2,
          chequers_guarded_unrand_ignorance, uniq_maggie, uniq_menkaure
D:8:      cheibrodos_helix_gallery, layout_cave_pools
Temple:   nicolae_temple_superstar

Skill      XL: |  1  2  3  4  5  6  7  8  9 |
---------------+----------------------------+-----
Invocations    | 1 2 3 4 5 |  5.2
Short Blades   | 1 2 3 4 |  4.7
Long Blades    | 1 2 3 4 |  4.7
Maces & Flails | 1 2 3 4 |  4.7
Polearms       | 1 2 3 4 |  4.7
Staves         | 1 2 3 4 |  4.7
Ranged Weapons | 1 2 3 4 |  4.7
Throwing       | 1 2 3 4 |  4.7
Dodging        | 1 2 3 4 |  4.7
Stealth        | 1 2 3 4 |  4.7
Unarmed Combat | 1 2 3 4 |  4.7
Spellcasting   | 1 2 3 4 |  4.7
Evocations     | 1 2 3 4 |  4.7
Shapeshifting  | 1 2 3 4 |  4.3
Conjurations   | 1 2 3 |  3.9
Hexes          | 1 2 3 |  3.9
Summonings     | 1 2 3 |  3.9
Necromancy     | 1 2 3 |  3.9
Translocations | 1 2 3 |  3.9
Transmutations | 1 2 3 |  3.9
Fire Magic     | 1 2 3 |  3.9
Ice Magic      | 1 2 3 |  3.9
Air Magic      | 1 2 3 |  3.9
Earth Magic    | 1 2 3 |  3.9
Poison Magic   | 1 2 3 |  3.9
Axes           | 5 6 |  6.7
Fighting       | 7 8 |  8.2
Armour         | 7 8 |  8.2
Shields        | 7 8 |  8.2

Action                     |  1- 3 |  4- 6 |  7- 9 || total
---------------------------+-------+-------+-------++-------
  Melee: War axe           |   119 |    59 |       ||   178
         Bite              |     6 |    15 |    41 ||    62
         Hand axe          |       |    99 |   328 ||   427
         Flail             |       |       |     5 ||     5
         Great mace        |       |       |    17 ||    17
  Throw: Boomerang         |       |       |     2 ||     2
 Invoke: Heroism           |       |       |     1 ||     1
  Evoke: Wand              |       |       |     6 ||     6
    Use: Potion            |       |       |     1 ||     1
         Scroll            |       |       |    11 ||    11
   Stab: Sleeping          |       |       |     1 ||     1
 Armour: Scale mail        |    87 |   109 |   182 ||   378
         Ring mail         |       |       |    72 ||    72
  Dodge: Dodged            |    60 |    59 |   168 ||   287
  Block: Buckler           |    38 |    33 |    67 ||   138

Table legend: (Time is in decaauts)
 A = Elapsed time spent in this place.
 B = Non-inter-level travel time spent in this place.
 C = Inter-level travel time spent in this place.
 D = Time resting spent in this place.
 E = Time spent auto-exploring this place.
 F = Levels seen in this place.
 G = Mean time per level.
                   A        B        C        D        E       F      G
               +--------+--------+--------+--------+--------+-----+--------+
         Total |   6907 |   6405 |    502 |      0 |   4853 |   9 |  767.4 |
       Dungeon |   6903 |   6401 |    502 |      0 |   4853 |   8 |  862.9 |
        Temple |      4 |      4 |      0 |      0 |      0 |   1 |    4.0 |
               +--------+--------+--------+--------+--------+-----+--------+

Top non-repeatable levels by time:
     D:6: 1558 daAuts
     D:7: 1548 daAuts
     D:5: 869 daAuts
     D:4: 794 daAuts
     D:3: 642 daAuts
     D:1: 596 daAuts
     D:2: 562 daAuts
     D:8: 330 daAuts
  Temple: 4 daAuts
